 Dungeon Crawl Stone Soup version 0.21-a0-633-g4c047d5 (webtiles) character file.

2105 Megalobster the Cleaver (level 9, -1/123 HPs)
             Began as a Minotaur Monk on Dec 28, 2017.
             Was a Believer of Okawaru.
             Slain by Duvessa
             ... wielding a cursed +0 short sword
              (8 damage)
             ... on level 6 of the Dungeon.
             The game lasted 00:15:25 (5229 turns).

Megalobster the Cleaver (Minotaur Monk)             Turns: 5229, Time: 00:15:26

Health: -1/123     AC: 24    Str: 18 (20) XL:     9   Next: 7%
Magic:  8/8        EV:  2    Int:  5 (7)  God:    Okawaru [**....]
Gold:   212        SH:  0    Dex: 10 (12) Spells: 8/8 levels left

rFire    + + .     SeeInvis .   a - +2 hand axe (freeze)
rCold    + . .     Gourm    .   (no shield)
rNeg     + + +     Faith    .   (armour currently unavailable)
rPois    +         Spirit   .   (helmet currently unavailable)
rElec    +         Reflect  .   (cloak currently unavailable)
rCorr    +         Harm     .   (gloves currently unavailable)
MR       .....     NoTele   +   (boots currently unavailable)
Stlth    +.........             (no amulet)
HPRegen  0.30/turn              l - ring of protection from fire
MPRegen  0.11/turn              B - ring of wizardry

@: tree-form, resistant, very slightly contaminated, glowing, invisible (but
backlit and visible)
A: (retaliatory headbutt)
a: Heroism, Renounce Religion


You were on level 6 of the Dungeon.
You worshipped Okawaru.
Okawaru was pleased with you.
You were not hungry.
You were a tree.
You visited 2 branches of the dungeon, and saw 7 of its levels.

You collected 212 gold pieces.

Inventory:

Hand Weapons
 a - a +2 hand axe of freezing (weapon)
 b - a +0 battleaxe
 j - a +0 hand axe
 o - a +2 flail of protection
Missiles
 g - 168 stones
 q - 4 tomahawks (quivered)
Armour
 f - a +0 robe
 h - +0 gold dragon scales
 k - a +0 leather armour
 u - a +0 scale mail (melded)
 w - a +0 chain mail
 G - a +0 chain mail
 J - a +0 helmet
Jewellery
 l - a ring of protection from fire (left branch)
 t - an uncursed ring of ice
 B - a ring of wizardry (right branch)
Wands
 A - a wand of scattershot (6)
 C - a wand of iceblast (8)
Scrolls
 d - 4 scrolls of remove curse
 i - 5 scrolls of blinking {unknown}
 m - a scroll of fog {unknown}
 n - 2 scrolls of enchant armour {unknown}
 s - a scroll of random uselessness {unknown}
 y - a scroll of magic mapping {unknown}
 F - a scroll of fear {unknown}
Potions
 e - a potion of mutation
 r - a potion of brilliance
 v - 2 potions of magic
Books
 E - a book of Changes

   Spells                             Type                      Level
   a - Beastly Appendage              Transmutation                1
   b - Sticks to Snakes               Transmutation                2
   c - Spider Form                    Transmutation/Poison         3
   d - Ice Form                       Ice/Transmutation            4
   e - Blade Hands                    Transmutation                5
Comestibles
 c - 10 rations
 H - 20 chunks of flesh


   Skills:
 + Level 8.9 Fighting
 * Level 11.7 Axes
 * Level 8.0 Armour
 + Level 8.1 Dodging
 - Level 1.5 Stealth
 + Level 0.7 Evocations


You had 8 spell levels left.
You didn't know any spells.

Dungeon Overview and Level Annotations

Branches:
Dungeon (6/15)             Temple (1/1) D:5

Altars:
Ashenzari
Dithmenos
Elyvilon
Gozag
Hepliaklqana
Makhleb
Nemelex Xobeh
Okawaru
Qazlal
Ru
Sif Muna
Uskayaw
Vehumet
Wu Jian
Xom
Yredelemnul
Zin
The Shining One

Annotations:
D:6 Duvessa


Innate Abilities, Weirdness & Mutations

((You reflexively headbutt those who attack you in melee.))
((You have a pair of horns on your head.))


Message History

You barely miss Duvessa.
Duvessa is heavily wounded.
Duvessa hits you but does no damage.
Unknown command.
You hit Duvessa but do no damage.
Duvessa is heavily wounded.
Duvessa barely misses you.
Unknown command.
You barely miss Duvessa.
Duvessa is heavily wounded.
Duvessa hits you but does no damage.
Unknown command.
You hit Duvessa.
Duvessa is heavily wounded.
Duvessa hits you but does no damage.
Unknown command.
You hit Duvessa but do no damage.
Duvessa is heavily wounded.
Duvessa hits you with a short sword!
You die...

## ..####. .. .....
.###.#... #......)#
.. #.##.# #.# #.##.
#....## #.#
#.##.#####..## ###.#
#.##.#####.#.###.#
#...#
#.##....♣eO......#
### #.#.#
#.##.######.######
##.## ##.#.#
#.##.### #.# ##.#.#
#....###.##...# #.#
#.###.
#.....<..)..).####.#
##.#.#
#..#####)#)........#
##.## #..#
#.#.##.###### #.#
#..#####.#.##.# #.#
#..........##.# #.#


You could see Duvessa (berserk) and an ogre.

Vanquished Creatures
  Pikel (D:4)
  Eustachio (D:4)
  Menkaure (D:5)
  Edmund (D:4)
  An ice beast (D:5)
  A slave (D:4)
  An ogre (D:4)
  A centaur (D:5)
  Blork the orc (D:4)
  Dowan (D:6)
  A howler monkey (D:4)
  A crimson imp (D:5)
  3 hounds (D:4)
  Ijyb (D:4)
  An iguana (D:4)
  A hound skeleton (D:5)
  A howler monkey zombie (D:5)
  Robin (D:2)
  14 gnolls
  3 adders
  An ooze (D:3)
  2 worms (D:3)
  4 dart slugs
  3 leopard geckos
  6 orcs
  A giant cockroach (D:3)
  12 goblins
  8 hobgoblins
  7 jackals (D:1)
  2 quokkas
  A ball python (D:3)
  7 bats
  5 frilled lizards
  5 kobolds
  A rat (D:1)
102 creatures vanquished.

Notes
Turn   | Place    | Note
-------+----------+-------------------------------------------
     0 | D:1      | Megalobster the Minotaur Monk began the quest for the Orb.
     0 | D:1      | Reached XP level 1. HP: 19/19 MP: 0/0
   114 | D:1      | Reached XP level 2. HP: 27/27 MP: 1/1
   178 | D:1      | Reached skill level 4 in Axes
   475 | D:1      | Reached skill level 1 in Armour
   618 | D:1      | Reached XP level 3. HP: 29/33 MP: 2/2
   903 | D:2      | Found a faded altar of an unknown god.
  1089 | D:2      | Found a shimmering altar of Xom.
  1541 | D:3      | Reached XP level 4. HP: 39/40 MP: 3/3
  1752 | D:3      | Noticed Robin
  1794 | D:2      | Killed Robin
  1794 | D:2      | Reached skill level 5 in Axes
  2135 | D:4      | Noticed Edmund
  2246 | D:4      | Killed Edmund
  2246 | D:4      | Reached XP level 5. HP: 20/47 MP: 4/4
  2436 | D:4      | Noticed an ogre
  2495 | D:4      | Reached XP level 6. HP: 55/55 MP: 5/5
  2627 | D:4      | Reached skill level 6 in Axes
  2657 | D:4      | Reached skill level 5 in Fighting
  2898 | D:4      | Noticed Blork the orc
  2909 | D:4      | Noticed Eustachio
  2923 | D:4      | Killed Blork the orc
  2944 | D:4      | Reached skill level 11 in Axes
  2944 | D:4      | Reached XP level 7. HP: 14/69 MP: 6/6
  2953 | D:4      | Killed Eustachio
  2953 | D:4      | Reached XP level 8. HP: 39/75 MP: 7/7
  3245 | D:4      | Noticed Pikel
  3269 | D:4      | Killed Pikel
  3426 | D:4      | Noticed Ijyb
  3437 | D:4      | Killed Ijyb
  3720 | D:5      | Entered Level 5 of the Dungeon
  3781 | D:5      | Noticed Menkaure
  3787 | D:5      | Killed Menkaure
  4159 | D:5      | Found a staircase to the Ecumenical Temple.
  4201 | Temple   | Entered the Ecumenical Temple
  4408 | Temple   | Became a worshipper of Warmaster Okawaru
  4408 | Temple   | Reached * piety under Okawaru
  4408 | Temple   | Reached ** piety under Okawaru
  4953 | D:6      | Reached XP level 9. HP: 82/82 MP: 8/8
  5190 | D:6      | Noticed Duvessa
  5190 | D:6      | Noticed Dowan
  5200 | D:6      | Killed Dowan
  5216 | D:6      | HP: 6/123 [Duvessa/short sword (3)]
  5222 | D:6      | HP: 5/123 [Duvessa/short sword (1)]
  5229 | D:6      | Slain by Duvessa

Vault maps used:
D:1:      nicolae_arrival_memento_mori
D:2:      chequers_ecumenical_altar_lobes, serial_forest,
          infiniplex_forest_straight_3, infiniplex_forest_clump_diagonal,
          infiniplex_forest_clump_C, infiniplex_forest_zigzag_1,
          xom_teletrap_fun
D:3:      first_ration, uniq_robin
D:4:      uniq_edmund, uniq_blork_the_orc, uniq_ijyb, uniq_pikel, uniq_eustachio
D:5:      temple_doors_e, hangedman_decor_peaks_small, uniq_menkaure
D:6:      serial_shops, shop, portal_sewer_entry_d, uniq_duvessa
Temple:   eino_narrow_crystal_temple

Skill      XL: |  1  2  3  4  5  6  7  8  9 |
---------------+----------------------------+-----
Axes           | 4 5 11 | 11.7
Armour         | 1 2 7 8 |  8.0
Fighting       | 4 8 |  8.9
Dodging        | 4 7 8 |  8.1
Stealth        | |  1.5
Evocations     | |  0.7

Action                   |  1- 3 |  4- 6 |  7- 9 || total
-------------------------+-------+-------+-------++-------
Melee: Hand axe          |    85 |   104 |   122 ||   311
       Headbutt          |    13 |    15 |    20 ||    48
       Battleaxe         |       |       |     3 ||     3
Throw: Tomahawk          |       |     3 |     2 ||     5
  Use: Scroll            |       |     3 |     1 ||     4
       Potion            |       |     6 |     6 ||    12
  Eat: Chunk             |     2 |     4 |     1 ||     7
       Ration            |       |       |     2 ||     2
Armor: Robe              |    20 |       |       ||    20
       Leather armour    |     4 |     4 |       ||     8
       Scale mail        |       |    36 |    43 ||    79
       Skin              |       |       |     7 ||     7
Dodge: Dodged            |    65 |    71 |    66 ||   202

Table legend:
 A = Spawn XP
 B = Non-spawn XP
 C = Spawn XP percentage of total XP
 D = Spawn monster count
 E = Non-spawn monster count
 F = Spawn count percentage of total count
 G = Total turns spent on level
                    A         B        C        D         E        F      G
               +---------+---------+-------+---------+---------+-------+---------
         Total |       0 |    2398 |   0.0 |       0 |     101 |   0.0 |  5229
               +---------+---------+-------+---------+---------+-------+---------
           D:1 |       0 |      44 |   0.0 |       0 |      23 |   0.0 |   754
           D:2 |       0 |      54 |   0.0 |       0 |      11 |   0.0 |   727
           D:3 |       0 |      80 |   0.0 |       0 |      29 |   0.0 |   672
           D:4 |       0 |    1461 |   0.0 |       0 |      14 |   0.0 |  1567
           D:5 |       0 |     536 |   0.0 |       0 |      10 |   0.0 |  1009
           D:6 |       0 |     223 |   0.0 |       0 |      14 |   0.0 |   282
               +---------+---------+-------+---------+---------+-------+---------
